[Event "44th Chess Olympiad Women 2022"]
[Site "Chennai"]
[Date "2022.08.01"]
[Round "4.54"]
[White "Ioannides Liu, Alice"]
[Black "Ampaire Shakira"]
[Result "1/2-1/2"]
[WhiteElo "1292"]
[BlackElo "1666"]
[Annotator "NA RC"]
[PlyCount "189"]
[EventDate "2022.??.??"]
[TimeControl "60"]

1. e4 c5 2. c3 e5 3. Nf3 Nc6 4. d4 cxd4 5. cxd4 Bb4+ 6. Bd2 exd4 7. Bxb4 Nxb4 8. a3 Nc6 9. Bc4 Nf6 10. O-O O-O 11. Nxd4 Nxe4 12. Re1 d5 13. Nxc6 bxc6 14. Bd3 Bf5 15. Bxe4 Bxe4 16. Nc3 Bg6 17. b4 Qf6 18. Na4 Rfe8 19. Nc5 h6 20. h3 Re7 21. Rxe7 Qxe7 22. Qe1 Qd6 23. Qd2 a5 24. Nb7 Qf6 25. Rc1 axb4 26. axb4 Ra1 27. Na5 Rxc1+ 28. Qxc1 d4 29. Qd2 d3 30. Nb3 Qd6 31. Nc1 Kf8 32. Nb3 Qe5 33. Nc1 Qd5 34. Kf1 f6 35. Kg1 Be4 36. f3 Bf5 37. Kf1 h5 38.
h4 Kf7 39. Kf2 Qd4+ 40. Kf1 Qxh4 41. Nxd3 Bxd3+ 42. Qxd3 Qxb4 43. Qd7+ Kg6 44. Qxc6 Qb1+ 45. Kf2 Qb2+ 46. Kf1 Qe5 47. Qc4 Kg5 48. Qa4 h4 49. Qg4+ Kh6 50. Qxh4+ Kg6 51. Qg4+ Qg5 52. Qe4+ f5 53. Qe8+ Kh7 54. Qe5 Kh6 55. Qh2+ Kg6 56. Qd6+ Kh5 57. Qh2+ Qh4 58. Qe5 Qc4+ 59. Kf2 Qh4+ 60. Kf1 Qg5 61. Qh2+ Kg6 62. Qd6+ Qf6 63. Qg3+ Kf7 64. Qc7+ Qe7 65. Qc4+ Qe6 66. Qf4 Kf6 67. Qd4+ Qe5 68. Qd8+ Kg6 69. Qb6+ Kh5 70. Qc6 f4 71. Qd7 Qa1+ 72. Kf2 Qb2+ 73. Kf1 Qc1+ 74. Ke2 Qe3+ 75. Kf1 Qe5 76. Qg4+ Kh6 77. Qh4+ Kg6 78. Qg4+ Kf6 79. Qd7 g5 80. Qc6+ Kf5 81. Qc2+ Kf6 82. Qc6+ Kg7 83. Qd7+ Kg6 84. Qd3+ Kh6 85. Qa3 Kh5 86. Qf8 Qb5+ 87. Kf2 Qb2+ 88. Kf1 Qc1+ 89. Ke2 Qe3+ 90. Kf1 Qd3+ 91. Kf2 Qd2+ 92. Kf1 Qd1+ 93. Kf2 Qc2+ 94. Kf1 Qb1+ 95. Kf2 1/2-1/2

[Event "44th Chess Olympiad Women 2022"]
[Site "Chennai"]
[Date "2022.08.01"]
[Round "4.54"]
[White "Kawuma Patricia"]
[Black "Bouzana, Christina"]
[Result "0-1"]
[WhiteElo "1653"]
[BlackElo "1079"]
[Annotator "NA RC"]
[PlyCount "72"]
[EventDate "2022.??.??"]
[TimeControl "60"]

1. e4 c6 2. d4 d5 3. exd5 cxd5 4. Bd3 Nc6 5. c3 h6 6. Bf4 Nf6 7. h3 e6 8. Nf3 Bd6 9. Bxd6 Qxd6 10. O-O O-O 11. Re1 Bd7 12. Nbd2 Rfe8 13. Ne5 Qc7 14. Ndf3 Rac8 15. Bc2 a6 16. Qd3 Ne7 17. Nxd7 Qxd7 18. Ne5 Qc7 19. Re3 Nf5 20. Ree1 b5 21. a3 Qb7 22. Qf3 Nd6 23.
Nd3 Nd7 24. Rac1 Re7 25. Nb4 a5 26. Nxd5 Ree8 27. Ne3 Qxf3 28. gxf3 Nb6 29. Bd3 a4 30. Kf1 Rc7 31. Nf5 exf5 32. Rxe8+ Nxe8 33. Bxb5 Nd6 34. Bd3 Nbc4 35. Bxc4 Nxc4 36. Rb1 Nd2+ 0-1

[Event "44th Chess Olympiad Women 2022"]
[Site "Chennai"]
[Date "2022.08.01"]
[Round "4.54"]
[White "Nakabo, Peninah"]
[Black "Markidou, Christianna"]
[Result "1-0"]
[WhiteElo "1747"]
[BlackElo "1701"]
[Annotator "NA RC"]
[PlyCount "101"]
[EventDate "2022.??.??"]
[TimeControl "60"]

1. e4 e5 2. Nf3 Nc6 3. d4 exd4 4. Bc4 Be7 5. c3 d6 6. Qb3 Bf6 7. Bxf7+ Kf8 8. Bxg8 Rxg8 9. O-O Qe7 10. Re1 Qe6 11. Qb5 a6 12. Qd3 dxc3 13. Nxc3 Nb4 14. Qd1 h6 15. Nd5 Nxd5 16. exd5 Qf7 17. Qb3 b6 18. Bd2 Bb7 19. Re6 Qh5 20. Qc2 Bxd5 21. Qxc7 Bxe6 22. Qxd6+ Kf7 23. Re1 Qd5 24. Qf4 Kg6 25. Ne5+ Kh7 26. Bc3 Qxa2 27. Qg3 Bxe5 28. Qxe5 Rae8 29. Qe4+ Kh8 30. Qg6 Bf5 31.
Qxh6+ Bh7 32. Bxg7+ Rxg7 33. Rxe8+ Qg8 34. Rxg8+ Rxg8 35. Qxb6 Rg6 36. Qd8+ Bg8 37. h4 Kh7 38. Qd3 Kh6 39. Kh2 Kh5 40. Qf5+ Kh6 41. Qf8+ Kh5 42. Qf5+ Kh6 43. g4 Be6 44. Qf8+ Kh7 45. g5 Bd7 46. Qe7+ Rg7 47. Qe4+ Kg8 48. Qc4+ Kh7 49. Qxa6 Be8 50. b4 Bh5 51. Qh6+ 1-0

[Event "44th Chess Olympiad Women 2022"]
[Site "Chennai"]
[Date "2022.08.01"]
[Round "4.54"]
[White "Sokolova, Victoria"]
[Black "Takali Milly"]
[Result "0-1"]
[WhiteElo "1193"]
[BlackElo "1482"]
[Annotator "NA RC"]
[PlyCount "134"]
[EventDate "2022.??.??"]
[TimeControl "60"]

1. e4 c6 2. Nc3 d5 3. exd5 cxd5 4. d4 Nf6 5. Nf3 Nc6 6. Bf4 a6 7. h3 Bf5 8. Bd3 g6 9. O-O e6 10. a3 Bd6 11. Be5 Bxe5 12. dxe5 Nd7 13. Qe2 O-O 14. Bxf5 gxf5 15. Rad1 Qc7 16. Rfe1 Kh8 17. Qe3 Rg8 18. Qh6 Rg7 19. Kh1 Rag8 20. g3 Ndxe5 21. Nxe5 Nxe5 22. Qf6 Nd7 23. Qh4 Qc5 24. Qd4 Qxd4 25. Rxd4 Nc5 26. b4 Ne4 27. Nxe4 fxe4 28. c4 f5 29. cxd5 Rd7 30. Red1 Rgd8 31. d6 Kg7 32. Kg2 Kf6 33. f4 e5 34. fxe5+ Kxe5 35. Rd5+ Ke6 36. Kf2 Rxd6 37. Rxd6+ Rxd6 38. Rc1 Rd2+ 39. Ke3 Rd3+ 40. Kf2 Rxa3 41. Rc7 b5 42. Rxh7 a5 43. bxa5 Rxa5 44. Rh6+ Ke5 45. Rh5 b4 46. g4 Kf4 47. gxf5 Rxf5 48. Rxf5+ Kxf5 49. Ke3 b3 50. Kd2 e3+ 51. Kxe3 b2 52. h4 b1=Q 53. h5 Qh1 54. h6 Qxh6+ 55. Kd4 Qd2+ 56. Kc4 Ke4 57. Kb5 Qd4 58. Kc6 Ke5 59. Kb7 Qc4 60. Kb6 Kd6 61. Kb7 Qb5+ 62. Kc8 Qc6+ 63. Kb8 Qc2 64. Kb7 Kd7 65. Kb8 Qb2+ 66. Ka7 Kc6 67. Ka8 Qb7# 0-1

[Event "44th Chess Olympiad Women 2022"]
[Site "Chennai"]
[Date "2022.08.01"]
[Round "4.55"]
[White "Kannappan, Sigappi"]
[Black "Spinola, Divania"]
[Result "1-0"]
[WhiteElo "1914"]
[BlackElo "1425"]
[Annotator "NA RC"]
[PlyCount "127"]
[EventDate "2022.??.??"]
[TimeControl "60"]

1. e4 e5 2. Nf3 Nc6 3. Bb5 a6 4. Bxc6 bxc6 5. O-O Nf6 6.
Nxe5 Qe7 7. d4 g6 8. Bg5 Bg7 9. Ng4 d6 10. Nxf6+ Bxf6 11. Bxf6 Qxf6 12. e5 Qe6 13. exd6 Qxd6 14. Re1+ Be6 15. Nc3 O-O 16. Ne4 Qe7 17. Nc5 Qf6 18. c3 Rfd8 19. Nxe6 fxe6 20. Qe2 Rf8 21. Qxe6+ Qxe6 22. Rxe6 Rf7 23. Rae1 Rb8 24. b3 Rbf8 25. f3 Ra8 26. Rxc6 a5 27. Rce6 a4 28. Re8+ Rf8 29. Rxa8 Rxa8 30. b4 a3 31. Re7 Rc8 32. Re5 Kf7 33. Kf2 Rd8 34. Ke3 Rd7 35. Kd3 Rd6 36. Kc4 Rc6+ 37. Kb3 Kf6 38. c4 Ra6 39. b5 Ra7 40. Kb4 Ra8 41. Re3 Rb8 42. Kxa3 Ra8+ 43. Kb3 Rd8 44. d5 Kg5 45. Re7 h5 46. Rxc7 Re8 47. b6 Re3+ 48.
Kb4 Re8 49. b7 Rb8 50. Kc5 Kf5 51. Kc6 Ke5 52. Rc8 Rxb7 53. Kxb7 Kd6 54. c5+ Kxd5 55. c6 Kd4 56. c7 Ke3 57. Rg8 Kf2 58. c8=Q Kxg2 59. Rxg6+ Kxf3 60. Qf5+ Ke3 61. Rd6 h4 62. Rd3+ Ke2 63. Qf3+ Ke1 64. Rd1# 1-0

[Event "44th Chess Olympiad Women 2022"]
[Site "Chennai"]
[Date "2022.08.01"]
[Round "4.55"]
[White "Li, Joy Ching"]
[Black "Pio Monteiro, Juliana"]
[Result "1-0"]
[WhiteElo "1386"]
[BlackElo "1319"]
[Annotator "NA RC"]
[PlyCount "59"]
[EventDate "2022.??.??"]
[TimeControl "60"]

1. Nf3 c5 2. g3 d6 3. Bg2 Nf6 4. O-O Nc6 5. d4 cxd4 6. Nxd4 Nxd4 7. Qxd4 e6 8. c4 Be7 9. Nc3 O-O 10. Rd1 a6 11. Bg5 Ne8 12. Bxe7 Qxe7 13. Ne4 e5 14. Qb6 Be6 15. b3 Rd8 16. Nc5 Qc7 17. Qxc7 Nxc7 18. Nxb7 Rb8 19. Rxd6 f5 20. Nc5 Rfe8 21. Nxe6 Rxe6 22. Bd5 Nxd5 23. Rxe6 Nf6 24. Rxa6 Rd8 25. c5 Kf8 26. Rd6 Rc8 27. b4 Ke7 28. Rc1 Rb8 29. Rb6 Rc8 30. Rb7+ 1-0

[Event "44th Chess Olympiad Women 2022"]
[Site "Chennai"]
[Date "2022.08.01"]
[Round "4.55"]
[White "Martins, Katlene Jussara"]
[Black "Deng, Jing Xin Crystal"]
[Result "0-1"]
[WhiteElo "1287"]
[BlackElo "1914"]
[Annotator "NA RC"]
[PlyCount "36"]
[EventDate "2022.??.??"]
[TimeControl "60"]

1. e4 c5 2. Nf3 Nc6 3. Nc3 g6 4. Bb5 Bg7 5. Bxc6 dxc6 6. O-O Nf6 7. h3 O-O 8. d4 cxd4 9. Nxd4 Qc7 10. Be3 Rd8 11. Qc1 Nxe4 12. Rd1 Nxc3 13. bxc3 b6 14. Bh6 Bb7 15. Bxg7 Kxg7 16. Qa3 c5 17. Nb5 Qc6 18. Nxa7 Qxg2# 0-1

[Event "44th Chess Olympiad Women 2022"]
[Site "Chennai"]
[Date "2022.08.01"]
[Round "4.56"]
[White "Clarke, Adani"]
[Black "Benson, Maud"]
[Result "1-0"]
[WhiteElo "1812"]
[BlackElo "1334"]
[Annotator "NA RC"]
[PlyCount "43"]
[EventDate "2022.??.??"]
[TimeControl "60"]

1. d4 Nf6 2. c4 g6 3. Nc3 Bg7 4. e4 d6 5. Be2 Nc6 6. Be3 O-O 7. g4 e5 8. d5 Ne7 9. g5 Nd7 10. h4 f5 11. gxf6 Bxf6 12. Qd2 Qe8 13. h5 a6 14. Nf3 Qf7 15.
O-O-O b6 16. Bh6 Re8 17. Rdg1 Kh8 18. Ng5 Bxg5 19. Bxg5 Nf8 20. Nd1 Bd7 21. Rg3 Qg8 22. Bf6+ 1-0

[Event "44th Chess Olympiad Women 2022"]
[Site "Chennai"]
[Date "2022.08.01"]
[Round "4.56"]
[White "Dotse Dzidzor Esi"]
[Black "Curwin, Nickaylah"]
[Result "0-1"]
[WhiteElo "1195"]
[BlackElo "1499"]
[Annotator "NA RC"]
[PlyCount "105"]
[EventDate "2022.??.??"]
[TimeControl "60"]

1. d4 d5 2. c4 c6 3. Nc3 Nf6 4. Nf3 a6 5. cxd5 cxd5 6. Bf4 Nc6 7. e3 Bg4 8. Be2 e6 9. a4 Bb4 10. O-O Rc8 11. Qb3 Ne4 12. Rfe1 Qa5 13.
Rac1 Bxf3 14. Bxf3 Nd2 15. Qd1 Nxf3+ 16. gxf3 O-O 17. Qb3 Ne7 18. Rc2 Nf5 19. Bg3 Rc4 20. Rec1 Rfc8 21. Na2 Rxc2 22. Rxc2 Rxc2 23. Qxc2 Nxg3 24. Nxb4 Ne2+ 25. Qxe2 Qxb4 26.
Qc2 g6 27. f4 Kg7 28. b3 b5 29. Qa2 Qc3 30. Kg2 b4 31. a5 Qc6 32. Kf3 Qb5 33. Qa1 Qd3 34. Qa4 Qc3 35. h4 h5 36. Ke2 Qc2+ 37. Kf3 Qd1+ 38. Kg2 Qg4+ 39. Kf1 Qxh4 40. Qxb4 Qh1+ 41. Ke2 h4 42. Qd2 Qg2 43. Qe1 h3 44. Qf1 Qf3+ 45.
Ke1 Qe4 46. Qg1 Qg2 47. Qxg2 hxg2 48. Kd2 g1=Q 49. Kc3 Qxf2 50. Kb4 Qxe3 51. Kc5 Qd3 52. Kb6 Qxd4+ 53. Kxa6 0-1

[Event "44th Chess Olympiad Women 2022"]
[Site "Chennai"]
[Date "2022.08.01"]
[Round "4.56"]
[White "Felix, Tobi"]
[Black "Miller, Rachel"]
[Result "0-1"]
[WhiteElo "1460"]
[BlackElo "1961"]
[Annotator "NA RC"]
[PlyCount "64"]
[EventDate "2022.??.??"]
[TimeControl "60"]

1. d4 d5 2. Bf4 c5 3. e3 Nc6 4. c3 Bf5 5. Bd3 Bxd3 6. Qxd3 c4 7. Qc2 Nf6 8. Nd2 b5 9. e4 dxe4 10. Nxe4 Nd5 11. Bg3 g6 12. Nf3 Bh6 13. Ne5 Nxe5 14. Bxe5 O-O 15. O-O Qc8 16. a3 f6 17. Bg3 f5 18. Nc5 f4 19. Bh4 g5 20. Qe2 gxh4 21. Qh5 Qc6 22. Rfe1 Rf6 23. Re5 Rd8 24. Rae1 Rg6 25. Re6 Rd6 26. Qf5 Ne3 27. Rxg6+ Rxg6 28. d5 Qxc5 29. fxe3 e6 30. Qe5 Qxd5 31. Qb8+ Bf8 32. e4 Qd2 0-1

[Event "44th Chess Olympiad Women 2022"]
[Site "Chennai"]
[Date "2022.08.01"]
[Round "4.56"]
[White "Watson, Gabriella"]
[Black "Appau Abena Tiwaa"]
[Result "1-0"]
[WhiteElo "1164"]
[BlackElo "1103"]
[Annotator "NA RC"]
[PlyCount "49"]
[EventDate "2022.??.??"]
[TimeControl "60"]

1. d4 Nf6 2. Bf4 g6 3. Nc3 Bg7 4. e4 d6 5. Qd2 c6 6. f3 Nbd7 7. O-O-O Qa5 8. g4 h6 9. e5 dxe5 10. dxe5 Ng8 11. e6 fxe6 12. Qd3 Kf7 13. h4 Nc5 14. Qc4 Qb6 15. Re1 Bd7 16. Be3 Qc7 17. Bxc5 b6 18. Be3 Nf6 19. Bf4 Qb7 20. Bd3 Nd5 21. Be5 b5 22. Qe4 Nxc3 23. Qxg6+ Kf8 24. Bxg7+ Kg8 25. Bxh6# 1-0

[Event "44th Chess Olympiad Women 2022"]
[Site "Chennai"]
[Date "2022.08.01"]
[Round "4.57"]
[White "Aponte, Samantha"]
[Black "Abeysinghe, H M H Janandani"]
[Result "0-1"]
[WhiteElo "1087"]
[BlackElo "1516"]
[Annotator "NA RC"]
[PlyCount "64"]
[EventDate "2022.??.??"]
[TimeControl "60"]

1. e4 c5 2. b3 Nc6 3. Bb2 a6 4. f4 e6 5. Nf3 Nf6 6. Nc3 d5 7. d3 Be7 8. Qd2 O-O 9. Be2 b5 10. e5 Nd7 11. O-O b4 12. Nd1 Qb6 13. Kh1 a5 14. Nf2 f6 15. d4 fxe5 16. dxe5 Ba6 17. Nh3 h6 18. Rac1 a4 19. Bxa6 Rxa6 20. Rce1 axb3 21. axb3 Ra2 22. Bc1 Na5 23. Qd3 c4 24. bxc4 Nc5 25. Qe3 Nxc4 26. Qf2 b3 27. Nd4 Nd3 28. Qe2 Nxe1 29. Qxe1 Qxd4 30. cxb3 Na5 31. Be3 Qb2 32. Bd2 Qxd2 0-1

[Event "44th Chess Olympiad Women 2022"]
[Site "Chennai"]
[Date "2022.08.01"]
[Round "4.57"]
[White "Jacobs, Annelaine"]
[Black "Wijesuriya, G P Y.."]
[Result "1-0"]
[WhiteElo "1612"]
[BlackElo "1579"]
[Annotator "NA RC"]
[PlyCount "123"]
[EventDate "2022.??.??"]
[TimeControl "60"]

1. e4 e5 2. Nf3 Nc6 3. Bb5 a6 4. Bxc6 dxc6 5. d4 exd4 6.
Qxd4 Qxd4 7. Nxd4 Bc5 8. Be3 Nf6 9. f3 O-O 10. Nc3 Re8 11.
O-O-O b5 12. Bg5 Bxd4 13. Rxd4 c5 14. Rd2 c6 15. Bxf6 gxf6 16.
Rd6 Bb7 17. Rxf6 Rad8 18. Rd1 Rxd1+ 19. Nxd1 Rd8 20. Ne3 Kg7 21. Rf5 c4 22. Rg5+ Kf6 23. h4 Bc8 24. Rc5 Bd7 25. g4 h6 26.
Nf5 Bxf5 27. Rxf5+ Kg7 28. Rc5 Rd6 29. b3 cxb3 30. axb3 a5 31.
Rc3 Kf6 32. Rc5 Ke7 33. Re5+ Kd7 34. Rf5 Ke7 35. Rc5 Rf6 36. Rf5 Rd6 37. Rc5 Rf6 38. Rc3 Kd6 39. Kd2 c5 40. Ke3 Rg6 41. Rd3+ Ke7 42. Rd5 Rc6 43. Kd3 Rd6 44. Rxd6 Kxd6 45. f4 Ke6 46. h5 Kf6 47. c3 Ke6 48. Ke3 Kf6 49. Kd3 Ke6 50. Kc2 Kf6 51.
e5+ Ke6 52. g5 hxg5 53. h6 gxf4 54. h7 Kxe5 55. h8=Q+ Ke4 56. Qe8+ Kf3 57. Qxb5 Kg3 58. Qf1 f3 59. Kd2 f5 60. Qg1+ Kf4 61.
Qxc5 Kg3 62. Qxf5 1-0

[Event "44th Chess Olympiad Women 2022"]
[Site "Chennai"]
[Date "2022.08.01"]
[Round "4.57"]
[White "Ranasinghe, S D.."]
[Black "Sagastegui, Thamara"]
[Result "1-0"]
[WhiteElo "1687"]
[BlackElo "1362"]
[Annotator "NA RC"]
[PlyCount "73"]
[EventDate "2022.??.??"]
[TimeControl "60"]

1. Nf3 d5 2. g3 Nf6 3. Bg2 Bf5 4. c4 c6 5. cxd5 cxd5 6. Qb3 Qb6 7. Qxb6 axb6 8. Nc3 Bd7 9. d3 e6 10. Bf4 Bc6 11. O-O Be7 12. a3 b5 13. Nd4 b4 14. axb4 Rxa1 15. Rxa1 O-O 16. b5 Bd7 17. Ra8 Nc6 18.
Rxf8+ Kxf8 19. bxc6 bxc6 20. Nc2 c5 21. d4 c4 22. e4 Bc6 23.
exd5 Nxd5 24. Nxd5 Bxd5 25. Bxd5 exd5 26. Ne3 g5 27. Bc7 Bf6 28. Bb6 Ke8 29. Nxd5 Bg7 30. Bc5 Kd7 31. Nb6+ Kc6 32. Nxc4 Kd5 33. Nd6 Bxd4 34. Bxd4 Kxd6 35. g4 Ke6 36. Kg2 f5 37. Kf3 1-0

[Event "44th Chess Olympiad Women 2022"]
[Site "Chennai"]
[Date "2022.08.01"]
[Round "4.58"]
[White "Marochkina, Nadezhda Valerevna"]
[Black "Cho, Yeonhee"]
[Result "0-1"]
[WhiteElo "1687"]
[BlackElo "1427"]
[Annotator "NA RC"]
[PlyCount "179"]
[EventDate "2022.??.??"]
[TimeControl "60"]

1. d4 d5 2. c4 e6 3. Nf3 Nf6 4. Bg5 Be7 5. e3 a6 6. Nc3 Nbd7 7. Bd3 dxc4 8. Bxc4 b5 9. Be2 Bb7 10. O-O c5 11. b3 Nd5 12. Bxe7 Qxe7 13. Nxd5 Bxd5 14. a4 b4 15. Rc1 O-O 16. Bc4 Bxc4 17. Rxc4 cxd4 18. Qxd4 e5 19. Qd2 e4 20. Nd4 a5 21. Rc7 Qd6 22. Qc2 Nf6 23.
h3 h6 24. Rc1 Qd5 25. Nc6 Qd6 26. Ne7+ Kh8 27. Qb2 Rad8 28. Nf5 Qe6 29. R7c6 Qxf5 30. R6c5 Rd5 31. Rc7 Kg8 32. Qc2 Rfd8 33. Qc4 Rd1+ 34. Rxd1 Rxd1+ 35. Kh2 Qd5 36. Rc8+ Kh7 37. Qc7 Qd6+ 38. Qxd6 Rxd6 39. Rc7 Rd7 40. Rc5 Rd5 41. Rc7 Kg6 42. Kg3 Rf5 43. Rc2 Nd7 44. Rc6+ f6 45. Ra6 Nc5 46. Rxa5 Nxb3 47. Ra7 Ra5 48. Rb7 Rxa4 49. h4 Na5 50. h5+ Kh7 51. Rb8 b3 52. Kf4 Nc6 53. Rxb3 Ne5 54. g4 Ra2 55. Kg3 Ra1 56. Kf4 Rg1 57. Kxe4 Rxg4+ 58. f4 Nf7 59. Ra3 Rh4 60. Ra5 Rh3 61. Rd5 f5+ 62. Kd4 g6 63. hxg6+ Kxg6 64. e4 fxe4 65. Kxe4 Rh5 66. Rd7 Rf5 67. Ke3 Rf6 68. Ra7 Nd8 69. Ra8 Ne6 70. Ra4 Kh5 71. Kf3 Rf5 72. Kg3 Nc5 73. Rd4 Ne6 74. Ra4 Rd5 75. Kf3 Rd3+ 76. Ke2 Rd4 77. Ra5+ Kg4 78. f5 Nf4+ 79. Ke3 Rd5 80. Ra6 h5 81. f6 Rf5 82. Ke4 h4 83. Ra8 Rxf6 84. Rg8+ Ng6 85. Rg7 h3 86. Rh7 Kg3 87. Rh5 Rf4+ 88. Ke3 h2 89. Rh6 Nh4 90. Kd3 0-1

[Event "44th Chess Olympiad Women 2022"]
[Site "Chennai"]
[Date "2022.08.01"]
[Round "4.58"]
[White "Park, Haneul"]
[Black "Sy Mame, Binta"]
[Result "1-0"]
[WhiteElo "1531"]
[BlackElo "1256"]
[Annotator "NA RC"]
[PlyCount "64"]
[EventDate "2022.??.??"]
[TimeControl "60"]

1. d4 d5 2. c4 e6 3. Nf3 Nc6 4. Nc3 dxc4 5. e3 Bb4 6. Bxc4 e5 7. d5 Bxc3+ 8. bxc3 Nce7 9. Nxe5 Nxd5 10. Qxd5 Qxd5 11. Bxd5 Be6 12. Bxb7 Rb8 13. Bc6+ Ke7 14. Ba3+ Kf6 15. Nd7+ Bxd7 16. Bxd7 Nh6 17. O-O Rhd8 18. Rfd1 Nf5 19. Bxf5 Rxd1+ 20. Rxd1 Kxf5 21. h3 Ke6 22. Bb4 f6 23. Rd4 Rc8 24. Re4+ Kf7 25. Re7+ Kg8 26. Ba5 c6 27. Rxa7 Rb8 28. Rc7 Rb5 29. Bb4 Rb6 30. f4 Ra6 31. f5 Rxa2 32. Rc8+ Kf7 1-0

[Event "44th Chess Olympiad Women 2022"]
[Site "Chennai"]
[Date "2022.08.01"]
[Round "4.58"]
[White "Sy, Mariama"]
[Black "Kang, Sohyun"]
[Result "0-1"]
[WhiteElo "1211"]
[BlackElo "1593"]
[Annotator "NA RC"]
[PlyCount "80"]
[EventDate "2022.??.??"]
[TimeControl "60"]

1. e4 e6 2. d4 d5 3. Nc3 Bb4 4. Bd2 Nf6 5. Bd3 Bxc3 6. Bxc3 dxe4 7. Be2 O-O 8. Qd2 b6 9. O-O-O Bb7 10. f3 a5 11. Qe3 a4 12. Bb4 Re8 13.
Bf1 Na6 14. Qa3 Nd5 15. c3 Ne3 16. Re1 Nxf1 17. Rxf1 Qg5+ 18. f4 Qxg2 19. Nh3 Qxh3 20. Qxa4 Qe3+ 21. Kb1 Qd3+ 22. Ka1 Nxb4 23. Qxb4 Bd5 24. a3 Qc4 25. Qxc4 Bxc4 26. Re1 Ra5 27. Rxe4 Bd5 28. Re5 Bxh1 29. Rxa5 bxa5 30. Ka2 a4 31. b4 Bd5+ 32. Kb2 f6 33. Kc2 e5 34. fxe5 fxe5 35. dxe5 Bc4 36. Kd2 Rxe5 37. Kc2 Re2+ 38. Kd1 g5 39. Kc1 Rxh2 40. Kb1 g4 0-1

[Event "44th Chess Olympiad Women 2022"]
[Site "Chennai"]
[Date "2022.08.01"]
[Round "4.59"]
[White "Madelta Glenda"]
[Black "Sisior, Destiny"]
[Result "1-0"]
[WhiteElo "1516"]
[BlackElo "1298"]
[Annotator "NA RC"]
[PlyCount "51"]
[EventDate "2022.??.??"]
[TimeControl "60"]

1. d4 c5 2. d5 d6 3. c4 Nf6 4. Nc3 g6 5. e4 Bg7 6. Bd3 e5 7. Nge2 O-O 8.
O-O Bd7 9. f4 exf4 10. Bxf4 Bg4 11. Qd2 Qd7 12. Ng3 Re8 13. Nb5 Bf8 14. Bxd6 Bxd6 15. Rxf6 Bxg3 16. hxg3 a6 17. Nd6 Re7 18. Qf4 Nc6 19. dxc6 bxc6 20. Rf1 Be6 21. e5 Rf8 22. Qh6 Qd8 23. R1f4 Bg4 24. Rxg4 Rxe5 25. Rh4 Re1+ 26. Kh2 1-0

[Event "44th Chess Olympiad Women 2022"]
[Site "Chennai"]
[Date "2022.08.01"]
[Round "4.59"]
[White "Obondo, Cynthia Awino"]
[Black "Magno, Angelica"]
[Result "1-0"]
[WhiteElo "1439"]
[BlackElo "1211"]
[Annotator "NA RC"]
[PlyCount "131"]
[EventDate "2022.??.??"]
[TimeControl "60"]

1. d4 Nf6 2. Nf3 d6 3. e3 g6 4. Bd3 Bg7 5. O-O O-O 6. b3 b6 7. Bb2 Bb7 8. Nbd2 Nc6 9. c4 Nb4 10. Bb1 c5 11. a3 Nc6 12. d5 Nb8 13.
Qe2 Ba6 14. Bd3 e5 15. dxe6 fxe6 16. Rad1 Nc6 17. Ng5 Qe7 18. f4 Rae8 19. Rf3 Bc8 20. h3 e5 21. Nde4 Ng4 22. hxg4 Bxg4 23. fxe5 Bxf3 24. Nxf3 Nxe5 25. Nxe5 Bxe5 26. Bxe5 Qxe5 27. Rf1 Rf7 28.
Rf2 Rxf2 29. Qxf2 Rf8 30.
Qf1 Kg7 31. Qc1 Qf4 32. Nc3 Qg3 33. Ne4 Qe5 34. a4 a5 35. Nc3 Qg3 36. Qd2 Qe5 37.
Be4 h5 38. Bf3 Re8 39. e4 h4 40. Nb5 Rd8 41. Qc3 Rf8 42. Qxe5+ dxe5 43. Nc7 Rh8 44. Kh2 g5 45. Kh3 Rh7 46. Kg4 Kg6 47. Nd5 Rb7 48. Kh3 Kh6 49. Bg4 Rf7 50. Bf5 Rg7 51. Ne3 Re7 52. Nd5 Re8 53. Kg4 Rf8 54. Ne7 Rd8 55. Nd5 Rf8 56. Kf3 Kh5 57. Ke2 g4 58. Ne3 g3 59. Ng4 Kg5 60. Nxe5 Re8 61. Nf3+ Kh5 62. Ke3 Rd8 63. e5 Rd1 64. e6 Rf1 65. e7 Rf2 66. e8=Q+ 1-0

[Event "44th Chess Olympiad Women 2022"]
[Site "Chennai"]
[Date "2022.08.01"]
[Round "4.59"]
[White "Sisior, Angelil"]
[Black "Mutisya, Jully"]
[Result "0-1"]
[WhiteElo "1488"]
[BlackElo "1428"]
[Annotator "NA RC"]
[PlyCount "72"]
[EventDate "2022.??.??"]
[TimeControl "60"]

1. e4 d6 2. Nc3 Nf6 3. d4 g6 4. f4 Bg7 5. Nf3 O-O 6. Be3 c6 7. Qd2 Ng4 8. Bg1 b5 9. O-O-O Qa5 10. h3 Nf6 11. Bd3 b4 12. Nb1 Qxa2 13. Qxb4 Na6 14. Qa3 Qxa3 15. Nxa3 Nb4 16. e5 Nfd5 17. Bc4 Nxf4 18. Ng5 d5 19. g3 Nh5 20. Bh2 dxc4 21. Kb1 Bh6 22. g4 Ng7 23. Ne4 Be6 24. c3 Nd3 25.
Rhf1 Bd5 26. Nc5 Nxc5 27. dxc5 Ne6 28. h4 Nxc5 29. g5 Bg7 30.
Rd4 Nb3 31. Rdd1 Rfd8 32. Ka2 Be6 33. Rde1 Rd2 34. Bf4 Rg2 35. Rd1 Rb8 36. Rfe1 Nc5 0-1

[Event "44th Chess Olympiad Women 2022"]
[Site "Chennai"]
[Date "2022.08.01"]
[Round "4.60"]
[White "Elfelo, Khadija"]
[Black "Alazmi, Aeshah"]
[Result "1-0"]
[WhiteElo "1875"]
[BlackElo "1256"]
[Annotator "NA RC"]
[PlyCount "113"]
[EventDate "2022.??.??"]
[TimeControl "60"]

1. e4 e5 2. Nf3 Nc6 3. Bc4 Bc5 4. O-O Nf6 5. d3 d6 6. h3 O-O 7. Nc3 Be6 8. Bb3 d5 9. Bg5 dxe4 10. Nxe4 Be7 11. Bxf6 Bxf6 12. Nxf6+ Qxf6 13. Re1 Rad8 14. Qe2 Rfe8 15. Ba4 Bd7 16. Bb3 Nd4 17. Nxd4 exd4 18. Qh5 g6 19. Qa5 c6 20. Qc7 Bc8 21. Kf1 Kf8 22. Rxe8+ Rxe8 23. Re1 Rxe1+ 24. Kxe1 Qe7+ 25. Qxe7+ Kxe7 26.
Ke2 f5 27. Kf3 Kf6 28. h4 h5 29. Kf4 b5 30. a4 b4 31. a5 c5 32. Bd5 Ba6 33.
Bb3 Bb5 34. g3 Ba6 35. Bc4 Bxc4 36. dxc4 b3 37. cxb3 d3 38. Ke3 g5 39. Kxd3 Ke5 40. hxg5 f4 41. g6 fxg3 42. fxg3 Kf6 43. Ke4 Kxg6 44. b4 cxb4 45. c5 Kf6 46. Kd5 Ke7 47. Kc4 a6 48. Kxb4 Kd7 49. Kc4 Kc6 50. b3 Kd7 51. Kd5 Kc7 52. b4 Kd7 53. c6+ Kc7 54. Kc5 Kb8 55.
Kb6 Ka8 56. c7 h4 57. c8=Q# 1-0

[Event "44th Chess Olympiad Women 2022"]
[Site "Chennai"]
[Date "2022.08.01"]
[Round "4.60"]
[White "Hadeel Mohammad Kalandar"]
[Black "El Flow, Khuloud"]
[Result "0-1"]
[WhiteElo "1083"]
[BlackElo "1836"]
[Annotator "NA RC"]
[PlyCount "98"]
[EventDate "2022.??.??"]
[TimeControl "60"]

1. e4 c5 2. Nc3 d6 3. Nf3 Nc6 4. d3 Nf6 5. g3 Bg4 6. Bg2 e6 7. h3 Bh5 8. Be3 Be7 9. O-O O-O 10. Qd2 Qc7 11. d4 cxd4 12. Nxd4 Nxd4 13. Bxd4 a6 14. a4 Bg6 15. Rfe1 e5 16. Be3 Qc6 17. Nd5 Nxd5 18. exd5 Qxc2 19. Qxc2 Bxc2 20. Rec1 Rfc8 21. h4 Rc4 22. a5 Rac8 23. Bh3 f5 24. f4 Bf6 25. Bf1 Rb4 26. Ra2 e4 27. b3 Rxb3 28. Raxc2 Rxc2 29. Rxc2 Rxe3 30. Rc8+ Kf7 31. Rc7+ Be7 32. Kh2 Ra3 33. Bh3 g6 34. g4 fxg4 35. Bxg4 Ra2+ 36. Kg3 e3 37. Be6+ Ke8 38. Rc8+ Bd8 39. Rc1 Bxa5 40. Kg4 e2 41. Kg5 e1=Q 42. Rxe1 Bxe1 43. h5 gxh5 44. f5 Rg2+ 45. Kh6 Bd2+ 46. Kxh7 Kf8 47. f6 h4 48. f7 h3 49. Bxh3 Rh2 0-1

[Event "44th Chess Olympiad Women 2022"]
[Site "Chennai"]
[Date "2022.08.01"]
[Round "4.60"]
[White "Nema, Rabab Ahmed"]
[Black "Elfelo, Eklas"]
[Result "1-0"]
[WhiteElo "1172"]
[BlackElo "1562"]
[Annotator "NA RC"]
[PlyCount "55"]
[EventDate "2022.??.??"]
[TimeControl "60"]

1. d4 Nf6 2. c4 g6 3. Nc3 Bg7 4. e4 d6 5. Nf3 O-O 6. Be2 b6 7. O-O Bb7 8. d5 Re8 9. h3 Nbd7 10. Be3 c5 11. Qd2 Qc7 12. Bh6 a6 13. Bxg7 Kxg7 14. Nh4 e6 15. f4 Qd8 16. Qe1 exd5 17. exd5 Ne4 18. Nxe4 Rxe4 19. Nf3 Qf6 20. g3 Qxb2 21. Nd2 Re3 22. Rf3 Rae8 23. Rxe3 Rxe3 24. Kf2 Re7 25. Qc1 Qd4+ 26. Kf1 Qe3 27. Qb2+ Kf8 28. Qh8# 1-0

[Event "44th Chess Olympiad Women 2022"]
[Site "Chennai"]
[Date "2022.08.01"]
[Round "4.61"]
[White "Dhimal, Shanti"]
[Black "Nan M K Khine Hlyan"]
[Result "0-1"]
[WhiteElo "1499"]
[BlackElo "1979"]
[Annotator "NA RC"]
[PlyCount "64"]
[EventDate "2022.??.??"]
[TimeControl "60"]

1. e4 e5 2. Nf3 Nc6 3. Bc4 Bc5 4. Nc3 Nf6 5. d3 h6 6. a3 a5 7. h3 O-O 8. O-O d6 9. Be3 Nd4 10. Na4 Ba7 11. Nc3 c6 12. b4 d5 13.
exd5 cxd5 14. Ba2 Nxf3+ 15. Qxf3 d4 16. Bxh6 gxh6 17. Nd5 Nxd5 18. Bxd5 Rb8 19. Qg3+ Qg5 20. Rae1 Qxg3 21. fxg3 Be6 22. Rxe5 Bxd5 23. Rxd5 axb4 24. axb4 Rbd8 25. Rh5 Rd6 26.
Rf4 Rg6 27. g4 Bb8 28. Re4 Kg7 29. Kf1 Re6 30. Rb5 Rfe8 31. Rxe6 Rxe6 32. Rxb7 Bg3 0-1